 Dungeon Crawl Stone Soup version 0.19-a0-1886-gd64a0f0 (webtiles) character file.

49 JeffiDaFish the Sneak (level 3, -4/25 HPs)
             Began as a Vampire Enchanter on Oct 15, 2016.
             Killed by divine providence
             ... invoked by an orc priest
              (9 damage)
             ... on level 3 of the Dungeon on Oct 16, 2016.
             The game lasted 00:04:48 (1636 turns).

JeffiDaFish the Sneak (Vampire Enchanter)           Turns: 1636, Time: 00:04:49

Health: -4/25      AC: 10    Str:  8    XL:     3   Next: 53%
Magic:  3/6        EV: 13    Int: 17    God:
Gold:   88         SH:  2    Dex: 14    Spells: 2 memorised, 3 levels left

rFire  . . .     SeeInvis +     e - +3 dagger (protect)
rCold  . . .     Gourm    .     b - +1 robe
rNeg   + . .     Faith    .     (no shield)
rPois  .         Spirit   .     (no helmet)
rElec  .         Dismiss  .     (no cloak)
rCorr  .         Reflect  +     (no gloves)
MR     .....     Harm     .     (no boots)
Stlth  +++.......               i - +2 amulet of reflection
                                (no ring)
                                (no ring)

@: protection aura
A: fangs 3, see invisible, unbreathing
a: Bat Form


You were on level 3 of the Dungeon.
You were not thirsty.

You visited 1 branch of the dungeon, and saw 4 of its levels.

You collected 88 gold pieces.

Inventory:

Hand Weapons
 a - a +1 dagger
 e - a +3 dagger of protection (weapon)
Armour
 b - a +1 robe (worn)
Jewellery
 i - a +2 amulet of reflection (around neck)
Scrolls
 g - a scroll of remove curse
 j - a scroll of recharging
Potions
 d - 11 potions of blood
 f - 2 potions of might
 h - a potion of degeneration {unknown}
Books
 c - a book of Maledictions

   Spells                             Type                      Level
   a - Corona                         Hexes                        1
   b - Ensorcelled Hibernation        Hexes/Ice                    2
   c - Confuse                        Hexes                        3
   d - Tukima's Dance                 Hexes                        3
   e - Dazzling Spray                 Conjuration/Hexes            3


   Skills:
 + Level 0.3 Fighting
 + Level 1.7 Short Blades
 + Level 2.7 Dodging
 + Level 5.3 Stealth
 + Level 2.2 Spellcasting
 + Level 4.9 Hexes


You had 3 spell levels left.
You knew the following spells:

 Your Spells              Type           Power        Failure   Level  Hunger
a - Corona                Hex            ###....      2%          1    #......
b - Ensorcelled Hibernat  Hex/Ice        ##....       12%         2    ###....


Dungeon Overview and Level Annotations

Branches:
Dungeon (4/15)
 Temple: D:4-7

Altars:


Innate Abilities, Weirdness & Mutations

You have razor-sharp teeth.
You have supernaturally acute eyesight. (SInv)
You can survive without breathing.


Message History

The orc barely misses you.
You hit the orc priest but do no damage.
The orc priest is almost dead.
The orc hits you but does no damage. x2; The orc priest closely misses you.
The orc barely misses you.
You closely miss the orc priest.
The orc priest is almost dead.
The orc hits you with a short sword of speed.
The orc hits you but does no damage.
The orc priest hits you but does no damage.
The orc closely misses you.
You completely miss the orc priest.
You bite the orc priest, but do no damage.
The orc priest is almost dead.
The orc hits you from afar with a trident.
The orc hits you with a whip.
* * * LOW HITPOINT WARNING * * *
The orc priest mumbles some strange prayers to Beogh against you.
Beogh smites you!
You die...

............# #.#.#.#.#..#...#
....[....##+###.#........#.....
............).....######.#....##
..............................#
##+###............########.##.#
#...................
#.............######
#..........oo.# #..........@o.#
.......######o# ####### .# ..
.o# .o# o.#


You could see an orc priest and 3 orcs.

Vanquished Creatures
  2 adders
  2 leopard geckos
  5 goblins
  3 hobgoblins (D:1)
  3 jackals (D:1)
  4 bats
  6 kobolds (D:1)
  5 rats
30 creatures vanquished.

Notes
Turn   | Place    | Note
-------+----------+-------------------------------------------
     0 | D:1      | JeffiDaFish the Vampire Enchanter began the quest for the Orb.
     0 | D:1      | Reached XP level 1. HP: 13/13 MP: 3/3
    17 | D:1      | Noticed a centaur warrior
    17 | D:1      | Noticed a hell rat
    17 | D:1      | Noticed a queen ant
    17 | D:1      | Noticed a tyrant leech
    17 | D:1      | Noticed a komodo dragon
   194 | D:1      | Reached XP level 2. HP: 14/19 MP: 5/5
   535 | D:1      | Learned a level 2 spell: Ensorcelled Hibernation
  1187 | D:2      | Reached skill level 5 in Stealth
  1215 | D:2      | Reached XP level 3. HP: 24/24 MP: 1/6
  1340 | D:2      | You fall through a shaft for 2 floors!
  1636 | D:3      | Killed from afar by an orc priest

Vault maps used:
D:1:      onia_arrival_zoo_common, serial_bayou_pond_d
D:2:      first_bread
D:3:      dancing_weapons_uskayaw, uniq_jessica

Skill      XL: |  1  2 |
---------------+-------+-----
Stealth        | 5 |  5.3
Fighting       | |  0.3
Short Blades   | |  1.7
Dodging        | |  2.7
Spellcasting   | |  2.2
Hexes          | |  4.9

Action                   || total
-------------------------++-------
Melee: Dagger            ||   139
       Bite              ||     9
 Cast: Ensorcelled Hiber ||     5
  Use: Scroll            ||     5
       Potion            ||     4
 Stab: Sleeping          ||     5
Armor: Robe              ||    51
Dodge: Dodged            ||   122
Block: Other             ||     7
